 Dungeon Crawl Stone Soup version 0.23-a0-356-g1757c6e (webtiles) character file.

5441 MisterFreud the Cleaver (level 10, -6/81 HPs)
             Began as a Deep Dwarf Fighter on Oct 21, 2018.
             Was a Believer of Makhleb.
             Mangled by an orc warrior
             ... wielding a +0 scimitar
              (15 damage)
             ... on level 9 of the Dungeon.
             The game lasted 00:21:00 (7488 turns).

MisterFreud the Cleaver (Deep Dwarf Fighter)        Turns: 7488, Time: 00:21:01

Health: -6/81      AC:  8    Str: 23    XL:     10   Next: 41%
Magic:  10/10      EV:  9    Int:  9    God:    Makhleb [**....]
Gold:   473        SH: 13    Dex: 12    Spells: 9/9 levels left

rFire    . . .     SeeInvis .   a - +1 war axe
rCold    . . .     Gourm    .   c - +1 shield
rNeg     . . .     Faith    .   b - +0 scale mail
rPois    .         Spirit   .   (no helmet)
rElec    .         Reflect  .   (no cloak)
rCorr    .         Harm     .   (no gloves)
MR       +....                  L - +0 pair of boots
Stlth    ..........             p - amulet of magic regeneration
HPRegen  0.00/turn              (no ring)
MPRegen  0.37/turn              (no ring)

@: non-regenerating
A: damage resistance, heal wounds, sense surroundings 2, no regeneration
a: Heal Wounds, Minor Destruction, Renounce Religion


You were on level 9 of the Dungeon.
You worshipped Makhleb.
Makhleb was pleased with you.
You were not hungry.

You visited 2 branches of the dungeon, and saw 10 of its levels.
You also visited: Sewer and Ossuary.

You collected 473 gold pieces.

Inventory:

Hand Weapons
 a - a +1 war axe (weapon)
Missiles
 h - 10 sling bullets
 j - 279 stones (quivered)
 k - 133 bolts
 l - 205 arrows
 q - 4 javelins of returning
 r - 10 tomahawks
 y - 7 javelins
 C - 16 poisoned needles
 K - 6 curare-tipped needles
 N - 2 throwing nets
Armour
 b - a +0 scale mail (worn)
 c - a +1 shield (worn)
 d - a +0 troll leather armour {Purgy}
 L - a +0 pair of boots (worn)
Jewellery
 p - an amulet of magic regeneration (around neck)
Wands
 e - a wand of scattershot (4)
 m - a wand of paralysis (16)
 w - a wand of digging (8)
 A - a wand of clouds (4)
 B - a wand of flame (3)
 M - a wand of polymorph (15)
 Q - a wand of disintegration (9)
 R - a wand of random effects (21)
Scrolls
 g - 2 scrolls of magic mapping
 t - a scroll of blinking {unknown}
 u - 4 scrolls of fear
 v - 3 scrolls of remove curse
 E - a scroll of fog {unknown}
 G - 6 scrolls of teleportation
 J - 3 scrolls of amnesia
 O - a scroll of brand weapon {unknown}
 P - 2 scrolls of immolation
Potions
 i - 4 potions of curing
 n - 2 potions of cancellation
 o - 4 potions of flight
 s - 3 potions of resistance
 x - 3 potions of berserk rage
 z - 3 potions of mutation
 D - a potion of lignification
 F - 6 potions of haste
 H - 2 potions of agility
 I - 2 potions of ambrosia
 T - a potion of brilliance {unknown}
Comestibles
 f - 19 rations
 S - 9 chunks of flesh


   Skills:
 - Level 2.6 Fighting
 - Level 12.0 Axes
 + Level 5.0 Armour
 + Level 10.6 Shields
 - Level 6.0 Evocations


You had 9 spell levels left.
You didn't know any spells.
Your spell library contained the following spells:

 Spells                   Type           Power        Failure   Level  Hunger
 Corona                   Hex            #......      86%         1    ##.....
 Ensorcelled Hibernation  Hex/Ice        #.....       95%         2    ###....
 Confuse                  Hex            #.......     99%         3    ####...
 Dazzling Spray           Conj/Hex       #.....       99%         3    ####...
 Tukima's Dance           Hex            #.......     99%         3    ####...


Dungeon Overview and Level Annotations

Branches:
Dungeon (9/15)             Temple (1/1) D:5
   Lair: D:8-11         Orc: D:9-12

Altars:
Ashenzari
Cheibriados
Dithmenos
Elyvilon
Fedhas
Gozag
Hepliaklqana
Kikubaaqudgha
Makhleb
Nemelex Xobeh
Okawaru
Qazlal
Ru
Sif Muna
Trog
Uskayaw
Vehumet
Wu Jian
Xom
Yredelemnul
Zin
The Shining One

Portals:
Bailey: D:9


Innate Abilities, Weirdness & Mutations

You are resistant to damage.
You can heal yourself by infusing magical energy.
You passively map the area around you.
You do not regenerate.


Message History

G - 6 scrolls of teleportation (gained 1)
You hear the steady creaking of a very distant portcullis.
T - an inky potion An orc warrior comes into view.
It is wielding a +0 scimitar.
The orc warrior shouts!
An orc comes into view. It is wielding a +0 dagger.
An orc priest comes into view. It is wielding a +0 dagger.
You slash the orc warrior!
The orc warrior is moderately wounded.
The orc warrior hits you with a +0 scimitar!
* * * LOW HITPOINT WARNING * * *
The orc priest miscasts a cantrip.
You hit the orc warrior but do no damage.
The orc warrior is moderately wounded.
You block the orc warrior's attack.
Evoke which item? (* to show all) (? for menu, Esc to quit)
Okay, then.
You fail to use your ability.
The orc warrior hits you with a +0 scimitar!!
You die...

,, ,,, ** * #.. *
* * #.. ,, , , , ,
#.# * * * #.# #o#
#o# #o# #@# ## #.#
#. #.# #.
#.######### #.
#.........## #.
########...######.
#.#........
#...####### #####


You could see an orc warrior, an orc priest and an orc.

Vanquished Creatures
  A two-headed ogre (D:9)
  A hippogriff (D:8)
  A hungry ghost (D:7)
  A steam dragon (D:7)
  3 orc warriors
  2 sky beasts
  Purgy (Sewer)
  5 ogres
  4 centaurs
  A crocodile (D:6)
  A wyvern zombie (Ossuary)
  4 bullfrogs
  A gnoll sergeant (D:6)
  A water moccasin zombie (Ossuary)
  4 killer bees (D:9)
  3 scorpions
  7 wights (D:7)
  2 vampire bats (D:5)
  A howler monkey (D:7)
  A crimson imp (D:7)
  3 centaur zombies (Ossuary)
  4 bullfrog skeletons
  3 bullfrog zombies (Ossuary)
  3 orc priests
  4 hounds
  7 orc wizards
  A gnoll shaman (D:8)
  A jelly (D:8)
  3 iguanas
  16 mummies (Ossuary)
  8 worker ants
  A hound zombie (Ossuary)
  A hound skeleton (D:9)
  2 howler monkey zombies (Ossuary)
  3 worker ant zombies
  15 gnolls
  9 adders
  2 shadow imps
  2 adder zombies (Ossuary)
  An adder skeleton (D:5)
  3 worms
  A dart slug (D:2)
  9 leopard geckos
  21 orcs
  A ball python (D:5)
  9 giant cockroaches
  8 goblins
  3 hobgoblins
  6 jackals
  9 quokkas
  17 bats
  8 frilled lizards
  A jackal zombie (Ossuary)
  9 kobolds
  2 leopard gecko zombies
  A quokka skeleton (D:4)
  2 quokka zombies (Ossuary)
  6 rats
250 creatures vanquished.

Vanquished Creatures (others)
  A withered plant (Ossuary)
1 creature vanquished.

Grand Total: 251 creatures vanquished

Notes
Turn   | Place    | Note
-------+----------+-------------------------------------------
     0 | D:1      | MisterFreud the Deep Dwarf Fighter began the quest for the
                  | Orb.
     0 | D:1      | Reached XP level 1. HP: 20/20 MP: 1/1
   277 | D:1      | Reached skill level 3 in Axes
   277 | D:1      | Reached XP level 2. HP: 27/27 MP: 2/2
   750 | D:2      | Noticed a centaur
   763 | D:1      | Reached skill level 4 in Axes
   763 | D:1      | Reached XP level 3. HP: 20/33 MP: 3/3
   853 | D:2      | Found an ancient bone altar of Kikubaaqudgha.
   979 | D:2      | Killed a centaur
   979 | D:2      | Reached skill level 5 in Axes
   979 | D:2      | Reached XP level 4. HP: 28/40 MP: 4/4
  1068 | D:2      | Reached XP level 5. HP: 30/46 MP: 5/5
  1119 | D:2      | Reached skill level 6 in Axes
  1561 | D:3      | Found a glowing drain.
  1588 | Sewer    | Entered a sewer
  1594 | Sewer    | Noticed Purgy
  1603 | Sewer    | Killed Purgy
  1603 | Sewer    | Reached skill level 7 in Axes
  1603 | Sewer    | Reached XP level 6. HP: 47/55 MP: 6/6
  2143 | D:3      | Found a glowing silver altar of Zin.
  2143 | D:3      | Found a shimmering altar of Xom.
  2143 | D:3      | Noticed an angel
  2713 | D:4      | Reached skill level 8 in Axes
  2850 | D:4      | Reached skill level 1 in Evocations
  2889 | D:4      | Reached XP level 7. HP: 40/61 MP: 8/8
  3145 | D:5      | Entered Level 5 of the Dungeon
  3149 | D:5      | Found an ornate altar of the Wu Jian Council.
  3191 | D:5      | Found a sand-covered staircase.
  3209 | Ossuary  | Entered an ossuary
  3271 | Ossuary  | Reached skill level 5 in Shields
  3335 | Ossuary  | Reached skill level 5 in Evocations
  3339 | Ossuary  | Reached XP level 8. HP: 35/68 MP: 10/12
  3700 | D:5      | Found a staircase to the Ecumenical Temple.
  3706 | Temple   | Entered the Ecumenical Temple
  3857 | Temple   | Became a worshipper of Makhleb the Destroyer
  4072 | D:5      | Reached skill level 9 in Axes
  4092 | D:5      | Found a white marble altar of Elyvilon.
  4446 | D:6      | Gained mutation: You passively map the area around you.
                  | [Deep Dwarf growth]
  4446 | D:6      | Reached XP level 9. HP: 42/74 MP: 12/12
  5373 | D:7      | Found an ornate altar of the Wu Jian Council.
  5373 | D:7      | Found a deep blue altar of Sif Muna.
  5380 | D:7      | Found a faded altar of an unknown god.
  5383 | D:7      | Found a hide-covered altar of Uskayaw.
  5384 | D:7      | Found a faded altar of an unknown god.
  5456 | D:7      | Reached * piety under Makhleb
  5492 | D:7      | Reached skill level 10 in Axes
  5946 | D:7      | Found a shattered altar of Ashenzari.
  6497 | D:8      | Reached skill level 11 in Axes
  6533 | D:8      | Found a white marble altar of Elyvilon.
  6555 | D:8      | Reached skill level 10 in Shields
  6595 | D:8      | Found a basalt altar of Yredelemnul.
  6672 | D:8      | Reached ** piety under Makhleb
  6835 | D:8      | Reached XP level 10. HP: 30/81 MP: 10/10
  7145 | D:9      | Found a sparkling altar of Nemelex Xobeh.
  7206 | D:9      | Reached skill level 12 in Axes
  7367 | D:9      | Found a flagged portal.
  7420 | D:9      | Noticed a two-headed ogre
  7432 | D:9      | Killed a two-headed ogre
  7432 | D:9      | Reached skill level 5 in Armour
  7488 | D:9      | Mangled by an orc warrior

Vault maps used:
D:1:      minmay_arrival_hallway
D:2:      minmay_door_path, kiku_gazebo_pond_becter
D:3:      grunt_temple_overflow_order_and_chaos_1, gup_sewer_entry_glass,
          minmay_unequal
D:5:      lemuel_upstairs_altar, minmay_temple_entry_butterflies, first_ration,
          basic_altar, nicolae_ossuary_entry_ruins, roderic_batcave,
          elyvilon_altar_4
D:7:      chequers_temple_overflow_minitemple, ashenzari_altar_1
D:8:      kennysheep_ying_yang
D:9:      hangedman_cross_veins, kennysheep_little_box, enter_bailey_6,
          uniq_joseph
Temple:   dshaligram_water_room_temple
Sewer:    kennysheep_door_sewer
Ossuary:  ossuary_zaba_flooded

Skill      XL: |  1  2  3  4  5  6  7  8  9 10 |
---------------+-------------------------------+-----
Axes           | 3 4 5 7 8 9 11 12 | 12.0
Evocations     | 2 5 6 |  6.0
Shields        | 5 8 10 | 10.6
Armour         | 5 |  5.0
Fighting       | |  2.6

Action                   |  1- 3 |  4- 6 |  7- 9 | 10-12 || total
-------------------------+-------+-------+-------+-------++-------
Melee: War axe           |    87 |   207 |   510 |   110 ||   914
 Abil: Heal Wounds       |     1 |     2 |    19 |       ||    22
Evoke: Wand              |       |     1 |    13 |     6 ||    20
  Use: Scroll            |     4 |     4 |    11 |     1 ||    20
       Potion            |       |     1 |     1 |       ||     2
 Stab: Paralysed         |       |       |     7 |       ||     7
  Eat: Chunk             |       |     7 |    16 |     2 ||    25
Armor: Scale mail        |    40 |    81 |   125 |    22 ||   268
Dodge: Dodged            |    24 |    54 |   136 |    17 ||   231
Block: Shield            |    47 |   105 |   302 |    71 ||   525

Table legend:
 A = Non-vault XP
 B = Vault XP
 C = Vault XP percentage of total XP
 D = Non-vault monster count
 E = Vault monster count
 F = Vault count percentage of total count
                 A         B        C        D         E       F
            +---------+---------+-------+---------+---------+-------
      Total |    6538 |    1236 |  15.9 |     191 |      59 |  23.6
            +---------+---------+-------+---------+---------+-------
        D:1 |      47 |       0 |   0.0 |      21 |       0 |   0.0
        D:2 |     200 |       5 |   2.4 |      23 |       3 |  11.5
        D:3 |     142 |      21 |  12.9 |      24 |       5 |  17.2
        D:4 |     225 |       0 |   0.0 |      13 |       0 |   0.0
        D:5 |     873 |     121 |  12.2 |      23 |      10 |  30.3
        D:6 |     288 |       0 |   0.0 |       8 |       0 |   0.0
        D:7 |    1269 |       0 |   0.0 |      28 |       0 |   0.0
        D:8 |    1688 |       0 |   0.0 |      33 |       0 |   0.0
        D:9 |    1806 |       0 |   0.0 |      18 |       0 |   0.0
      Sewer |       0 |     134 | 100.0 |       0 |       6 | 100.0
    Ossuary |       0 |     955 | 100.0 |       0 |      35 | 100.0
            +---------+---------+-------+---------+---------+-------
